 Dungeon Crawl Stone Soup version 0.28.0 (webtiles) character file.

Game seed: 203459816414403938

70 asishallab the Shield-Bearer (level 4, -2/38 HPs)
             Began as a Draconian Fighter on Feb 7, 2022.
             Was a Follower of Kikubaaqudgha.
             Slain by Robin (3 damage)
             ... on level 2 of the Dungeon.
             The game lasted 00:05:24 (1396 turns).

asishallab the Shield-Bearer (Draconian Fighter)    Turns: 1396, Time: 00:05:26

Health: -2/38      AC:  7    Str: 19    XL:     4   Next: 4%
Magic:  5/5        EV: 12    Int: 16    God:    Kikubaaqudgha [*.....]
Gold:   56         SH:  4    Dex: 10    Spells: 4/5 levels left

rFire   . . .      SeeInvis .   a - +0 war axe
rCold   . . .      Faith    .   b - +0 buckler
rNeg    . . .      Spirit   .   (armour unavailable)
rPois   .          Reflect  .   (helmet restricted)
rElec   .          Harm     .   e - +1 cloak
rCorr   .          Rampage  .   (no gloves)
Will    .....                   (no boots)
Stlth   +.........              (no amulet)
HPRegen 0.12/turn               g - +6 ring of intelligence
MPRegen 0.09/turn               (no ring)

@: mighty
A: AC +5, unfitting armour, cold-blooded
a: Renounce Religion, Receive Corpses


You were on level 2 of the Dungeon.
You worshipped Kikubaaqudgha.
Kikubaaqudgha was aware of your devotion.
You visited 1 branch of the dungeon, and saw 2 of its levels.

You collected 56 gold pieces.

Inventory:

Hand Weapons
 a - a +0 war axe (weapon)
 f - a +0 mace
Armour
 b - a +0 buckler (worn)
 e - a +1 cloak (worn)
Jewellery
 g - a +6 ring of intelligence (left hand)
Scrolls
 h - a scroll of magic mapping {unknown}
Potions
 d - a potion of heal wounds {unknown}


   Skills:
 - Level 3.2 Fighting
 * Level 2.9 Axes
 + Level 3.0 Dodging
 * Level 3.7 Shields
 + Level 1.0 Spellcasting
 + Level 0.6 Necromancy


You had 4 spell levels left.
You knew the following spells:

 Your Spells              Type           Power      Damage    Failure   Level
a - Animate Skeleton      Necr           4%         N/A       24%         1

Your spell library contained the following spells:

 Spells                   Type           Power      Damage    Failure   Level
 Sublimation of Blood     Necr           2%         N/A       34%         2
 Corpse Rot               Necr/Air       2%         N/A       38%         2
 Vampiric Draining        Necr           2%         2d6       56%         3


Dungeon Overview and Level Annotations

Branches:
Dungeon (2/15)

Altars:
Kikubaaqudgha

Annotations:
D:2 Robin


Innate Abilities, Weirdness & Mutations

Your plain brown scales are hard. (AC +5)
You cannot fit into any form of body armour.
You are cold-blooded and may be slowed by cold attacks.


Message History

The goblin closely misses you.
You barely miss the goblin.
The goblin is heavily wounded.
The hobgoblin no longer looks unusually strong.
The goblin barely misses you. The goblin hits you but does no damage.
You closely miss the goblin. You tail-slap the goblin.
You kill the goblin!
Kikubaaqudgha accepts your kill.
Robin roars a battlecry!
The hobgoblin goes into a battle-frenzy!
Robin throws the goblin at you!
* * * LOW HITPOINT WARNING * * *
The goblin hits you with a +0 dagger.
* * * LOW HITPOINT WARNING * * *
You slash the hobgoblin!
You kill the hobgoblin!
Kikubaaqudgha accepts your kill.
You slash the goblin!
You kill the goblin!
Kikubaaqudgha accepts your kill.
You have reached level 4!
You feel stronger.
You slash the goblin!
You kill the goblin!
Kikubaaqudgha accepts your kill. You block the hobgoblin's attack.
You block Robin's attack.
Items here: )) †††.
You slice the hobgoblin!!
You kill the hobgoblin!
Kikubaaqudgha accepts your kill. Robin barely misses you.
You block Robin's attack.
You see here a hobgoblin corpse.
You slash Robin! You tail-slap Robin.
Robin is almost dead.
Robin hits you with a +0 spear.
* * * LOW HITPOINT WARNING * * *
Robin hits you with a +0 spear.
You die...
Kikubaaqudgha rasps: "You have failed me!
Welcome... death!"

.# #.# .# #####.# .#
#.....# .# #.....# .#
#.....# .# #...))# ##
###### #.# #....# #)#
# #....# #@# #
#....###g####
#########...........#
'...))..............#
#######.)...........#
# #....#.###..#.'.. #
#....#..##..#.#.. #
#######.##..# '... #
..#..# #...


You could see Robin.

Vanquished Creatures
  2 adders (D:2)
  A dart slug (D:2)
  7 ball pythons (D:1)
  An endoplasm (D:1)
  A giant cockroach (D:1)
  16 goblins
  3 hobgoblins
  4 kobolds
  2 quokkas
  4 bats
  3 rats
44 creatures vanquished.

Vanquished Creatures (collateral kills)
  A kobold (D:2)
1 creature vanquished.

Vanquished Creatures (others)
  2 demonic plants (D:1)
  4 toadstools (D:1)
6 creatures vanquished.

Grand Total: 51 creatures vanquished

Notes
Turn   | Place    | Note
-------+----------+-------------------------------------------
     0 | D:1      | asishallab the Draconian Fighter began the quest for the
                  | Orb.
     0 | D:1      | Reached XP level 1. HP: 19/19 MP: 1/1
   285 | D:1      | Reached XP level 2. HP: 25/26 MP: 2/2
   872 | D:1      | Found a faded altar of an unknown god.
   884 | D:1      | Prayed at the altar of an unknown god.
   884 | D:1      | Became a worshipper of Kikubaaqudgha
   884 | D:1      | Reached * piety under Kikubaaqudgha
   884 | D:1      | Received a gift from Kikubaaqudgha
  1072 | D:1      | Learned a level 1 spell: Animate Skeleton
  1142 | D:2      | Reached XP level 3. HP: 31/31 MP: 3/3
  1366 | D:2      | Reached skill level 1 in Spellcasting
  1372 | D:2      | Noticed Robin
  1390 | D:2      | HP: 1/31 [goblin[Robin] (2)]
  1392 | D:2      | Reached XP level 4. HP: 1/38 MP: 5/5
  1396 | D:2      | HP: 1/38 [Robin (1)]
  1396 | D:2      | Slain by Robin

Illustrated notes

Levels and vault maps discovered:
D:1:      ldierk_walled_garden_2, layout_loops_cross,
          dreamdust_ecumenical_altar_sealed_demon, kennysheep_another_room,
          chequers_serial_rivers_large_b
D:2:      layout_basic, basic_altar, uniq_crazy_yiuf_cottage, uniq_robin

Skill      XL: |  1  2  3 |
---------------+----------+-----
Dodging        | 3 |  3.0
Spellcasting   | 1 |  1.0
Fighting       | |  3.2
Axes           | |  2.9
Shields        | |  3.7
Necromancy     | |  0.6

Action                   |  1- 3 |  4- 6 || total
-------------------------+-------+-------++-------
Melee: War axe           |   130 |     3 ||   133
       Tailslap          |    10 |     1 ||    11
 Cast: Animate Skeleton  |     2 |       ||     2
  Use: Potion            |     1 |       ||     1
Armor: Skin              |    66 |       ||    66
Dodge: Dodged            |    84 |     1 ||    85
Block: Buckler           |    32 |     3 ||    35
